 Dungeon Crawl Stone Soup version 0.26-a0-651-gb41185065b (webtiles) character file.

Game seed: 12893991830702678764

182 kae the Ruffian (level 5, -22/45 HPs)
             Began as a Draconian Transmuter on Oct 1, 2020.
             Annihilated by an ogre
             ... wielding a cursed -1 giant club
              (25 damage)
             ... on level 3 of the Dungeon.
             The game lasted 00:02:08 (2646 turns).

kae the Ruffian (Draconian Transmuter)              Turns: 2646, Time: 00:02:08

Health: -22/45     AC:  5    Str: 14    XL:     5   Next: 34%
Magic:  17/17      EV: 12    Int: 13    God:
Gold:   92         SH:  0    Dex: 11    Spells: 5/8 levels left

rFire    . . .     SeeInvis .   g - +0 hand axe
rCold    . . .     Faith    .   (no shield)
rNeg     . . .     Spirit   .   (armour unavailable)
rPois    .         Reflect  .   (helmet currently unavailable)
rElec    .         Harm     .   (no cloak)
rCorr    .         Rampage  .   (no gloves)
MR       .....                  (boots currently unavailable)
Stlth    +.........             (no amulet)
HPRegen  0.15/turn              c - ring of magical power
MPRegen  0.15/turn              (no ring)

@: appendages
A: unfitting armour, horns 2, talons 2, cold-blooded, AC +5
a: End Transformation


You were on level 3 of the Dungeon.
You had grown temporary horns.
You had grown temporary talons.
You visited 1 branch of the dungeon, and saw 3 of its levels.

You collected 92 gold pieces.

Inventory:

Hand Weapons
 g - a +0 hand axe (weapon)
Jewellery
 c - a ring of magical power (left hand)
Scrolls
 j - a scroll of remove curse
Potions
 a - 3 potions of heal wounds
 b - a potion of invisibility
 d - a potion of lignification
 e - 2 potions of degeneration {unknown}
 f - a potion of brilliance {unknown}
 i - a potion of curing {unknown}


   Skills:
 + Level 3.0 Fighting
 - Level 1.7 Dodging
 * Level 4.8 Unarmed Combat
 - Level 2.0 Spellcasting
 + Level 3.2 Transmutations


You had 5 spell levels left.
You knew the following spells:

 Your Spells              Type           Power        Failure   Level
a - Beastly Appendage     Tmut           #.....       7%          1
b - Wereblood             Tmut           #.......     11%         2

Your spell library contained the following spells:

 Spells                   Type           Power        Failure   Level
 Spider Form              Tmut/Pois      #.........   36%         3
 Ice Form                 Ice/Tmut       #.......     78%         4
 Blade Hands              Tmut           #.........   88%         5


Dungeon Overview and Level Annotations

Branches:
Dungeon (3/15)

Altars:


Innate Abilities, Weirdness & Mutations

Your plain brown scales are hard. (AC +5)
You cannot fit into any form of body armour.
You are cold-blooded and may be slowed by cold attacks.
You have a pair of horns on your head.
You have razor-sharp toenails.


Message History

You are too injured to fight recklessly!
You are too injured to fight recklessly!
You are too injured to fight recklessly!
You are too injured to fight recklessly!
You hit the ogre. You claw the ogre.
The ogre is moderately wounded.
The ogre closely misses you.
You completely miss the ogre. You headbutt the ogre!
The ogre is heavily wounded.
The ogre hits you with a cursed -1 giant club!!
Ouch! That really hurt!
* * * LOW HITPOINT WARNING * * *
You hit the ogre. You claw the ogre.
The ogre is severely wounded.
The ogre closely misses you.
You hit the ogre but do no damage.
The ogre is severely wounded.
The ogre hits you with a cursed -1 giant club!!
Ouch! That really hurt!
You die...

######### #.......#
*###*###* #[#####.#
*..,....* #.#####.#
*.#...#.*****
#.##....####O......,,,,**
##.##.......@.....#,,,,,,*
#.....#..####.##.##,,,,,,*
#........# #.##***,,,,,,*
#.###########...,,,,*,,,**
#.# #......#****,,,,,* #.#
#......# *##,,,,,*
#.#######......# *..,,,,,*
#......##......# *.#,,,,,*
#..###.##......# *.#,,,,,*


You could see an ogre.

Vanquished Creatures
  A scorpion (D:3)
  4 adders
  3 worms
  3 dart slugs (D:2)
  2 orcs (D:3)
  10 bats
  5 giant cockroaches
  9 goblins
  5 hobgoblins
  11 jackals
  3 quokkas
  A ball python (D:2)
  4 frilled lizards
  8 kobolds
  8 rats
77 creatures vanquished.

Notes
Turn   | Place    | Note
-------+----------+-------------------------------------------
     0 | D:1      | kae the Draconian Transmuter began the quest for the Orb.
     0 | D:1      | Reached XP level 1. HP: 16/16 MP: 3/3
   114 | D:1      | Reached XP level 2. HP: 23/23 MP: 3/5
   932 | D:2      | Reached XP level 3. HP: 18/29 MP: 6/6
  1184 | D:2      | Reached skill level 4 in Unarmed Combat
  1188 | D:2      | Learned a level 2 spell: Wereblood
  1314 | D:3      | Reached XP level 4. HP: 34/36 MP: 7/7
  2155 | D:3      | Reached XP level 5. HP: 39/44 MP: 8/8
  2639 | D:3      | Noticed an ogre
  2646 | D:3      | Annihilated by an ogre

Illustrated notes

Levels and vault maps discovered:
D:1:      dpeg_arrival_shrine, layout_loops_ring
D:2:      layout_basic
D:3:      minmay_wonky_spiral, layout_loops_cross,
          chequers_hall_statues_corner_a

Skill      XL: |  1  2  3  4  5 |
---------------+----------------+-----
Fighting       | 2 3 |  3.0
Unarmed Combat | 4 |  4.8
Transmutations | 3 |  3.2
Dodging        | |  1.7
Spellcasting   | |  2.0

Action                   |  1- 3 |  4- 6 || total
-------------------------+-------+-------++-------
Melee: Unarmed           |   111 |     2 ||   113
       Tailslap          |    11 |    14 ||    25
       Headbutt          |     8 |    10 ||    18
       Kick              |    15 |    25 ||    40
       Punch             |     2 |     3 ||     5
       Hand axe          |       |   105 ||   105
 Cast: Beastly Appendage |    18 |    22 ||    40
       Wereblood         |     1 |     4 ||     5
  Use: Scroll            |     2 |     6 ||     8
Armor: Skin              |    43 |    58 ||   101
Dodge: Dodged            |    77 |   102 ||   179

Table legend: (Time is in decaauts)
 A = Elapsed time spent in this place.
 B = Non-inter-level travel time spent in this place.
 C = Inter-level travel time spent in this place.
 D = Time resting spent in this place.
 E = Time spent auto-exploring this place.
 F = Levels seen in this place.
 G = Mean time per level.
                   A        B        C        D        E       F      G
               +--------+--------+--------+--------+--------+-----+--------+
         Total |   2673 |   2602 |     71 |    499 |   1542 |   3 |  891.0 |
       Dungeon |   2673 |   2602 |     71 |    499 |   1542 |   3 |  891.0 |
               +--------+--------+--------+--------+--------+-----+--------+

Top non-repeatable levels by time:
     D:3: 1277 daAuts
     D:1: 915 daAuts
     D:2: 480 daAuts
